AoeStats
← kane

Arena

510585778Analyzed
4v4 RM · 23h ago on Oct 1, 2026· 26m 36s· 8 players
Game mode
Random Map
Map size
Large (8 player)
Population
200
Speed
Normal
Resources
Standard
Victory
Conquest
Starting age
Dark Age
Ending age
Imperial Age
RankedLock teamsTeams togetherTeam positionsShared explorationLock speedFull tech treeHidden civsTurbo modeCheats
Victory
Defeat
🇩🇪 Slavs · Germany
1423
+18
🇩🇪 Persians · Germany
1411
+18
🇩🇪 Malay · Germany
1410
+18
🇩🇪 Cumans · Germany
1380
+19
🇨🇱 Italians · Chile
1503
-20
🇧🇷 Britons · Brazil
1479
-19
🇷🇺 Hindustanis · Russia
1444
-18
🇭🇺 Vikings · Hungary
1406
-16
kane
11:14 Feudal Age
12:55 Double-Bit Axe
12:51 Horse Collar
15:12 Castle Age
16:15 Bow Saw
16:07 Heavy Plow
16:59 Wheelbarrow
18:38 Fletching
20:18 Bodkin Arrow
25:41 Gold Mining
29:25 Imperial Age
27:16 Fortified Wall
AJR86
10:26 Feudal Age
14:20 Castle Age
12:18 Double-Bit Axe
12:36 Horse Collar
16:08 Bow Saw
20:44 Gold Mining
20:58 Loom
24:05 Heavy Plow
25:24 Stone Mining
[InsecT] ScoTherroR
11:45 Feudal Age
15:35 Castle Age
13:29 Loom
15:45 Castle Age
13:43 Double-Bit Axe
13:38 Horse Collar
21:18 Castle Age
24:30 Fletching
xxArMoRxx
10:45 Feudal Age
15:07 Castle Age
13:21 Double-Bit Axe
13:19 Horse Collar
17:14 Scale Barding Armor
17:20 Forging
20:33 Loom
Barca4life
11:09 Feudal Age
12:35 Horse Collar
15:04 Castle Age
13:23 Double-Bit Axe
15:54 Husbandry
16:59 Scale Barding Armor
21:45 Loom
23:26 Wheelbarrow
24:04 Bow Saw
24:58 Chain Barding Armor
25:38 Bloodlines
26:01 Heavy Plow
KekBert_Perce1992
9:00 Feudal Age
9:31 Man-at-Arms
11:18 Scale Mail Armor
18:47 Forging
18:46 Loom
21:57 Horse Collar
25:19 Castle Age
26:36 Chain Mail Armor
25:47 Long Swordsman
M*rpheu$
7:06 Loom
9:19 Feudal Age
23:52 Castle Age
22:43 Horse Collar
22:50 Double-Bit Axe
22:58 Gold Mining
24:15 Wheelbarrow
25:46 Scale Barding Armor
25:51 Forging
26:34 Bow Saw
Raphael
8:29 Feudal Age
8:07 Double-Bit Axe
8:29 Horse Collar
11:29 Wheelbarrow
16:48 Castle Age
15:06 Stone Mining
17:50 Gold Mining
19:11 Gold Shaft Mining
20:21 Loom
24:47 Imperial Age
23:20 Forging
26:23 Fletching
26:34 Padded Archer Armor
26:56 Bow Saw
Connection lost

Rejoining the realm…

Still unreachable

The connection could not be restored.

Session expired

The server has moved on; the page needs a fresh start.